Map: [ESL] Data-C

Players

HeroMarine - Winner!

  • Race: Terran Terran
  • Spawn Location: 9:00

Krystianer

  • Race: Protoss Protoss
  • Spawn Location: 3:00

Event: DreamHack SC2 Masters 2022 Atlanta (Online)

VOD

Have the link to the VOD?

Description

Time

  • Played on: Oct. 2, 2022, 12:48 p.m.
  • Length: 8:04

All games in this series

Show
View Real Time Build Order
Export as new Build Order

HeroMarine Terran - Winner!

Build Orders: Gas First Reaper Expand 

Get SALT Encoding   

  12  0:00  SCV  
  13  0:12  SCV  
  14  0:17  Supply Depot  
  14  0:24  SCV  
  14  0:28  Refinery  
  15  0:38  SCV  
  16  0:44  Barracks  
  16  0:50  SCV  
  17  1:03  SCV  
  18  1:15  SCV  
  19  1:31  Reaper, Orbital Command  
  20  1:42  Command Center  
  20  1:53  Factory  
  20  1:56  SCV  
  21  2:05  Barracks Reactor, Refinery  
  21  2:09  SCV  
  21  2:14  Supply Depot  
  22  2:21  SCV  
  23  2:35  SCV  
  24  2:37  Hellion  
  24  2:40  Starport  
  24  2:42  Marine  
  24  2:43  Marine  
  28  2:47  SCV  
  29  2:59  SCV  
  29  3:00  Marine  
  29  3:01  Factory Tech Lab, Marine  
  32  3:11  SCV  
  33  3:18  Marine x2  
  33  3:19  Orbital Command  
  35  3:26  SCV  
  36  3:29  Siege Tank  
  38  3:35  Marine  
  38  3:36  Marine  
  38  3:40  SCV  
  40  3:43  Viking  
  43  3:53  Supply Depot, Marine  
  43  3:54  Marine  
  44  3:59  SCV  
  44  4:02  SCV  
  46  4:04  Supply Depot  
  46  4:15  Liberator, SCV x2, Siege Tank  
  54  4:21  Barracks  
  54  4:25  Marine x2  
  54  4:27  SCV  
  54  4:29  Supply Depot  
  54  4:30  SCV  
  58  4:39  SCV  
  58  4:42  SCV  
  58  4:43  Marine  
  61  4:49  Engineering Bay  
  61  4:50  Siege Tank  
  61  4:51  SCV  
  65  4:54  SCV  
  65  4:55  Marine  
  67  5:00  Barracks, Marine  
  67  5:03  SCV  
  67  5:06  SCV, Starport Tech Lab  
  70  5:08  Barracks Tech Lab  
  70  5:20  Supply Depot  
  70  5:21  Refinery, Terran Infantry Weapons Level 1  
  70  5:24  SCV x2, Marine x2  
  70  5:27  Stimpack  
  74  5:29  Marine  
  70  5:36  SCV x2  
  70  5:40  Siege Tank  
  70  5:41  Marine  
  70  5:42  Marine  
  77  5:46  Marine  
  77  5:48  SCV x2  
  79  5:52  Starport Reactor  
  79  5:54  Refinery  
  76  5:59  Marine  
  76  6:00  SCV x2  
  76  6:01  Marauder  
  78  6:05  Marauder  
  78  6:06  Marine  
  79  6:12  SCV x2  
  79  6:17  Marine  
  75  6:21  Combat Shield  
  75  6:23  Marauder, Marine  
  79  6:26  Marauder  
  79  6:28  Missile Turret  
  79  6:29  Supply Depot  
  79  6:30  Supply Depot  
  79  6:32  Siege Tank  
  82  6:35  Marine  
  83  6:41  Marine  
  83  6:44  Marauder  
  86  6:48  Supply Depot  
  86  6:51  Medivac x2  
  86  6:54  Marauder  
  86  7:00  Command Center  
  88  7:02  SCV x2  
  88  7:06  Marauder, Siege Tank  
  95  7:13  Marine x2  
  97  7:16  Supply Depot, Marauder  
  97  7:19  SCV x2  
  101  7:26  Medivac  
  101  7:27  Marauder  
  105  7:32  Medivac  
  105  7:33  Marine x2  
  106  7:38  Barracks  
  106  7:39  Barracks, Marauder  
  106  7:44  SCV x2  
  109  7:54  Factory Reactor  
Show
View Real Time Build Order
Export as new Build Order

Krystianer Protoss 

Build Orders: 1 Gate Expand, Blink Stalkers 

Get SALT Encoding   

  12  0:00  Probe  
  13  0:12  Probe  
  14  0:17  Pylon  
  14  0:24  Probe (Chrono Boost)  
  16  0:37  Gateway, Probe (Chrono Boost)  
  16  0:42  Probe (Chrono Boost)  
  16  0:45  Assimilator  
  17  0:51  Probe  
  18  1:03  Probe  
  19  1:15  Probe  
  20  1:22  Nexus  
  20  1:33  Cybernetics Core  
  20  1:36  Probe  
  21  1:41  Assimilator  
  21  1:48  Probe  
  22  1:55  Pylon  
  22  2:00  Probe  
  23  2:09  Pylon  
  23  2:10  Adept (Chrono Boost)  
  23  2:13  Probe  
  26  2:21  Robotics Facility  
  26  2:25  Warp Gate  
  26  2:29  Probe (Chrono Boost)  
  27  2:32  Adept (Chrono Boost)  
  29  2:38  Probe (Chrono Boost)  
  31  2:47  Probe (Chrono Boost)  
  31  2:48  Probe (Chrono Boost)  
  32  2:53  Probe (Chrono Boost)  
  32  2:54  Probe  
  35  3:06  Immortal (Chrono Boost)  
  35  3:10  Probe  
  39  3:19  Twilight Council, Probe  
  40  3:29  Probe  
  39  3:41  Probe  
  42  3:43  Stalker  
  42  3:44  Probe  
  44  3:50  Blink (Chrono Boost)  
  44  3:55  Gateway  
  44  4:02  Gateway  
  44  4:05  Probe  
  45  4:10  Pylon  
  41  4:18  Probe  
  41  4:19  Probe  
  41  4:20  Gateway  
  41  4:22  Stalker  
  45  4:30  Probe  
  47  4:31  Probe  
  47  4:42  Probe  
  47  4:43  Probe  
  48  4:50  Stalker x2  
  52  4:54  Probe  
  52  4:55  Nexus, Probe  
  52  4:56  Pylon  
  52  4:59  Assimilator  
  54  5:00  Assimilator  
  54  5:06  Probe  
  53  5:15  Stalker x2  
  53  5:21  Stalker x2  
  59  5:23  Probe  
  62  5:42  Pylon  
  62  5:43  Pylon  
  57  5:58  Probe  
  57  5:59  Stalker x2  
  57  6:01  Stalker  
  57  6:02  Probe (Chrono Boost)  
  57  6:14  Probe (Chrono Boost)  
  57  6:16  Probe (Chrono Boost)  
  58  6:22  Probe (Chrono Boost)  
  58  6:24  Pylon  
  58  6:25  Probe (Chrono Boost), Stalker x3  
  66  6:27  Probe (Chrono Boost)  
  66  6:30  Probe (Chrono Boost)  
  68  6:37  Probe (Chrono Boost)  
  68  6:38  Probe x2 (Chrono Boost)  
  71  6:42  Robotics Facility, Probe (Chrono Boost)  
  71  6:45  Probe (Chrono Boost)  
  71  6:46  Probe (Chrono Boost)  
  68  6:59  Probe (Chrono Boost)  
  68  7:00  Probe (Chrono Boost)  
  70  7:02  Probe (Chrono Boost)  
  70  7:04  Probe (Chrono Boost)  
  70  7:06  Gateway  
  70  7:07  Gateway  
  70  7:08  Probe  
  73  7:10  Gateway  
  73  7:15  Gateway, Probe  
  73  7:22  Templar Archives  
  74  7:26  Zealot x3  
  79  7:32  Zealot  
  79  7:34  Probe x2  
  79  7:35  Shield Battery  
  79  7:36  Probe  
  84  7:46  Probe x2  
  84  7:48  Zealot x2, Probe  
  91  7:52  Zealot  
  86  7:58  Stalker  
Tags
 
Add a new tag
Caveats
  • Supply blocks, unpowered buildings, or Contaminate may cause inaccurate times.
  • Supply counts are checked every 10 seconds.